[Event "Israel Team Championship 2025"]
[Site "Israel"]
[Date "2025.01.17"]
[Round "3.12"]
[White "Bitensky, Igor"]
[Black "Huzman, Alexander"]
[Result "1-0"]
[Annotator "TA"]
[ECO "B08"]
[WhiteElo "2360"]
[BlackElo "2531"]
[PlyCount "117"]
[EventDate "2025.01.07"]
[EventType "team-tourn"]
[EventCountry "ISR"]
[SourceTitle "playchess.com"]
[Source "ChessBase"]
[SourceQuality "1"]
[TimeControl "40/5400+30:1800+30"]

1. e4 c5 2. Nc3 d6 3. d4 cxd4 4. Qxd4 Nc6 5. Qd3 g6 6. Nf3 Bg7 7. Be2 Nf6 8. O-O O-O 9. Nd5 Bg4 10. c3 Rc8 11. Bg5 Nxd5 12. exd5 Ne5 13. Nxe5 Bxe2 14. Qxe2 Bxe5 15. Rfe1 Qd7 16. a4 Rfe8 17. Qb5 Qxb5 ({Better is} 17... Qg4 $11 18. Be3 b6) 18. axb5 $14 Rc5 19. f4 Bg7 20. Rxe7 {[%emt 0:00:00] White is more active.} Rxe7 21. Bxe7 Rxb5 22. Rxa7 $16 {[%emt 0:00:00][%mdl 4096] Endgame KRB-KRB. White is a pawn up.} h5 (22... f5 $16 {keeps fighting.}) 23. Bxd6 (23. Ra8+ $18 {is the precise move to win.} Kh7 24. Bxd6) 23... Rxd5 24. Ba3 b5 25. Rb7 Rd1+ 26. Kf2 Ra1 27. Rxb5 Bxc3 $1 28. bxc3 Rxa3 {[%emt 0:00:19] KR-KR. White is a pawn up.} 29. Rc5 Ra2+ 30. Kf3 Rc2 31. h4 Kg7 32. Rc6 Rc1 33. c4 Rc2 34. c5 $1 Rc4 (34... Kf8 $16) 35. Ke3 $18 Kf8 36. Rc7 Kg7 (36... Ke8 $142 37. g3 Kd8 38. Rxf7 Rxc5) 37. Rc6 $2 (37. g3 $18) 37... Kf8 $1 $16 38. Rc7 $2 (38. g3 $1 $16) 38... Kg7 $1 $18 39. g3 Kf6 40. Kd3 Rc1 41. Ke4 (41. Kd4 $18) 41... Ke6 $16 42. Rc6+ Ke7 43. Rc7+ (43. Kd5 $18 {is more deadly.}) 43... Ke6 {[%emt 0:00:17] [#]} 44. Kd4 $1 {[%emt 0:00:00] Hoping for Ra7.} Rg1 45. Rc6+ Kf5 $2 (45... Kd7 $16 46. Rd6+ Ke7) 46. Rd6 (46. Ra6 $142) 46... Kg4 $18 47. Rd5 Rd1+ $2 (47... f6 $14) 48. Ke5 Rc1 49. Kd6 Kxg3 50. c6 Kxh4 51. Rc5 Ra1 52. c7 Ra8 53. Rb5 (53. c8=B Kg3 $14) (53. Rg5 $142 Rg8 54. Kd7) 53... Rc8 {[%emt 0:00:42] [#]} 54. Rg5 $1 (54. Rb8 Rxc7 55. Kxc7 Kg3 $11) 54... Rg8 55. Ke7 Kh3 56. Kd7 (56. Kxf7 Rc8 $11) 56... f6 {[%emt 0:03:49] [#]} 57. Rxg6 $3 Rxg6 58. c8=Q (58. c8=B $2 {is the wrong capture.} f5 (58... Kg4 $2 59. Ke6 $19) 59. Kc7 Kg4 $19) 58... Kg3 59. f5 1-0

[Event "Israel Team Championship 2025"]
[Site "Israel"]
[Date "2025.01.17"]
[Round "3.13"]
[White "Rozentalis, Eduardas"]
[Black "Romanov, Evgeny"]
[Result "1/2-1/2"]
[Annotator "TA"]
[ECO "C07"]
[WhiteElo "2485"]
[BlackElo "2590"]
[PlyCount "64"]
[EventDate "2025.01.07"]
[EventType "team-tourn"]
[EventCountry "ISR"]
[SourceTitle "playchess.com"]
[Source "ChessBase"]
[SourceQuality "1"]
[TimeControl "40/5400+30:1800+30"]

1. e4 e6 2. d4 d5 3. Nd2 c5 4. Ngf3 cxd4 5. exd5 Qxd5 6. Bc4 Qd7 7. O-O Nc6 8. Nb3 a6 9. a4 Nf6 10. Bf4 Bd6 11. Bxd6 Qxd6 12. Nbxd4 O-O 13. Nxc6 Qxc6 14. Ne5 Qc7 15. Qe2 b6 16. Rfe1 Bb7 17. Rad1 Be4 18. Bd3 Qxe5 19. Bxe4 Nxe4 20. Qxe4 Qxb2 (20... Qxe4 {simplifies} 21. Rxe4 Rfd8 22. Rxd8+ Rxd8 23. Kf1 Rc8) 21. Rb1 Qc3 22. Rxb6 Qa5 23. Reb1 Rac8 24. g3 g6 25. Rc6 Rb8 26. Rb3 Rbd8 27. Rd3 Rxd3 28. cxd3 Rb8 29. Kg2 Rd8 30. Qc4 Qd5+ 31. Qxd5 Rxd5 32. Rxa6 Rxd3 1/2-1/2

[Event "Israel Team Championship 2025"]
[Site "Israel"]
[Date "2025.01.17"]
[Round "3.14"]
[White "Greenfeld, Alon"]
[Black "Gershon, Alik"]
[Result "1-0"]
[Annotator "TA"]
[ECO "E15"]
[WhiteElo "2469"]
[BlackElo "2433"]
[PlyCount "79"]
[EventDate "2025.01.07"]
[EventType "team-tourn"]
[EventCountry "ISR"]
[SourceTitle "playchess.com"]
[Source "ChessBase"]
[SourceQuality "1"]
[TimeControl "40/5400+30:1800+30"]

1. d4 Nf6 2. Nf3 e6 3. c4 b6 4. g3 Ba6 5. Qc2 c5 6. d5 exd5 7. cxd5 d6 8. Nc3 g6 9. Qa4+ Qd7 10. Qh4 Qe7 11. Bh3 b5 12. a4 (12. b4 $1 $14) 12... b4 $11 13. Nb5 Nxd5 14. O-O (14. Qxe7+ {simplifies} Bxe7 15. Nd2 Nd7 16. Bg2) 14... Nd7 (14... Qxh4 $14 15. Nxh4 Bb7) 15. Rd1 (15. Bg5 $6 f6 $14) (15. Qc4 $1 $18 Bb7 16. e4) 15... Qxh4 16. Nxh4 Bxb5 17. axb5 Nc7 18. Ra5 (18. Bg2 $16 Rb8 19. Bc6 (19. Rxa7 Nxb5 20. Ra5 Bg7 $15) 19... Nxb5 20. Ra5) 18... Ne5 (18... Nb6 $1 $11 {remains equal.}) 19. Bg2 d5 (19... O-O-O $16) 20. Bf4 $18 (20. Bxd5 $6 O-O-O 21. e4 (21. Bb7+ Kxb7 22. Rxd8 Bg7 $15) 21... Kb8 $14 (21... Nxd5 22. Rxa7 Rd7 23. Rxd7 $11)) 20... Bg7 {[%emt 0:00:49] [#]} 21. Nf3 $1 (21. Bxd5 O-O-O 22. e4 Nxd5 23. exd5 Kb7 $11) 21... f6 (21... Nc4) 22. Nxe5 $18 (22. Ne1 $6 g5 $18) 22... fxe5 23. Be3 c4 24. Rda1 $2 (24. Rxa7 Rxa7 25. Bxa7 Nxb5 $14) (24. Bxd5 O-O-O 25. Rxa7 Kb8 (25... Nxd5 26. Bg5 $16) 26. Rb7+ Kc8 $11) (24. b6 $18 {is more deadly.} axb6 25. Rxa8+ Nxa8 26. Bxd5) 24... Rc8 $2 (24... e4 $16) 25. Rxa7 $18 d4 26. b6 dxe3 27. Rxc7 (27. bxc7 exf2+ 28. Kf1 (28. Kxf2 Rf8+ 29. Kg1 Rf7 $14) 28... e4 $18) (27. Bh3 $142 exf2+ 28. Kxf2 (28. Kf1 Nd5 $18)) 27... exf2+ $2 (27... Rxc7 28. bxc7 Kd7) 28. Kf1 $18 (28. Kxf2 Rxc7 29. bxc7 Kd7 30. c8=B+ (30. Bh3+ Kxc7 31. Ra7+ Kb6 $18) 30... Kxc8 31. Ra8+ Kc7 32. Ra7+ Kb6 33. Rxg7 Kb5 $18) 28... Rxc7 29. bxc7 Kd7 30. c8=Q+ (30. Kxf2 c3 31. bxc3 bxc3 $16) 30... Kxc8 {[%emt 0:00:04] [#]} 31. Ra8+ $1 Kc7 32. Ra7+ (32. Kxf2 Rxa8 33. Bxa8 Kb6 $17) 32... Kb6 33. Rxg7 Rd8 34. Rb7+ (34. Kxf2 Rd2 35. Rb7+ (35. Rxh7 Rxb2 36. Be4 b3 $18) 35... Kc5 36. Rc7+ (36. Rxh7 Rxb2 37. h4 Rd2 $18) 36... Kb5 $18) 34... Kc5 35. Rc7+ (35. Kxf2 Rd2 36. Rc7+ (36. Rxh7 Rxb2 37. Be4 g5 $18) 36... Kb5) 35... Kb5 36. Bh3 (36. Rxh7 Rd2 37. Be4 (37. Kxf2 Rxb2 38. Rb7+ Kc5 $18) 37... Rxb2 38. Bxg6 (38. Kxf2 b3 $18) 38... b3 39. Kxf2 c3 $18) 36... c3 (36... Rd6 {is a better defense.} 37. Kxf2 (37. Rxh7 Kb6 $18) 37... Rd2) 37. bxc3 $18 (37. Rxh7 $2 cxb2 38. Rb7+ Kc5 (38... Ka5 $2 39. Kxf2 b1=Q 40. Ra7+ Kb6 41. Rf7 $19) 39. Kxf2 Rf8+ (39... b1=B 40. Ke3 $15) (39... b1=N 40. Be6 $11) (39... b1=Q $2 40. Rc7+ Kb6 41. Rf7 $19) (39... b1=R $2 40. Be6 $19) 40. Ke3 b1=Q $19 (40... b1=B 41. Re7 $11)) 37... b3 38. Rb7+ Kc4 39. Be6+ ({Weaker is} 39. Rxh7 b2 40. Be6+ (40. Kxf2 $2 {too greedy.} b1=Q $19) (40. Rb7 Rd1+ 41. Kxf2 b1=Q $11) 40... Kxc3 41. Rc7+ (41. Kxf2 $2 b1=Q $19) (41. Rb7 Rd1+ 42. Kxf2 b1=Q $11) 41... Kb4 42. Rb7+ (42. Kxf2 Rd1 $16) 42... Kc3 $16) 39... Kxc3 40. Rxb3+ (40. Kxf2 b2 $16) 1-0

[Event "Israel Team Championship 2025"]
[Site "Israel"]
[Date "2025.01.17"]
[Round "3.15"]
[White "Haimovich, Tal"]
[Black "Dvoirys, Semen I."]
[Result "1/2-1/2"]
[Annotator "TA"]
[ECO "B46"]
[WhiteElo "2322"]
[BlackElo "2462"]
[PlyCount "108"]
[EventDate "2025.01.07"]
[EventType "team-tourn"]
[EventCountry "ISR"]
[SourceTitle "playchess.com"]
[Source "ChessBase"]
[SourceQuality "1"]
[TimeControl "40/5400+30:1800+30"]

1. e4 c5 2. Nf3 Nc6 3. Nc3 e6 4. d4 cxd4 5. Nxd4 a6 6. g3 Qb6 (6... Qc7 $11) 7. Nxc6 (7. Nb3 $14) 7... bxc6 8. Bg2 d5 9. O-O Nf6 10. Re1 Bb7 11. Be3 Qc7 12. Bf4 Qd8 13. Bg5 Be7 14. Bxf6 gxf6 15. Qh5 O-O 16. Rad1 Kh8 (16... Qc7 $14) 17. Rd3 {[%emt 0:00:00] White has more active pieces.} (17. exd5 $142 $1 cxd5 18. Ne2) 17... Qc7 {[%emt 0:00:00] [#]} (17... Ra7 $16) 18. exd5 $1 $18 cxd5 {[%emt 0:00:00] [#]} 19. g4 $1 {[%emt 0:00:00] White wants to mate with Rh3.} Qf4 {[%emt 0:00:00] [#]} (19... Rg8 $142) 20. Bxd5 $1 Rab8 {[%emt 0:00:00] [#] Black is weak on the light squares} (20... Bc5 $2 21. Rf3 (21. Bxb7 $2 Qxf2+ 22. Kh1 Qxe1+ 23. Kg2 f5 $19) 21... Qg5 22. Qxg5 (22. Bxb7 Qxh5 23. gxh5 Ra7 $18) 22... fxg5 23. Bxb7 $18) (20... Bxd5 21. Nxd5) 21. Rh3 $1 h6 22. Qxh6+ $2 (22. Bxe6 $18 Bc5 (22... fxe6 $2 23. Qg6 $18) 23. Qxc5 (23. Bxf7 $2 Qxf2#) (23. Qxh6+ Qxh6 24. Rxh6+ Kg7 $16)) 22... Qxh6 $11 23. Rxh6+ Kg7 24. Rh5 Bxd5 25. Nxd5 Bd8 26. Ne3 Rxb2 27. a3 Bb6 {[%emt 0:00:00][%mdl 1024] Black has compensation.} 28. Re2 Rc8 $36 {[%emt 0:00:00][%mdl 2048] Prevents Nc4. Black fights for an advantage.} 29. Rh3 Ra2 30. Kg2 Bc5 (30... Rxa3 31. Nf5+ exf5 32. Rxa3 $18) 31. Rf3 Bxa3 32. Rf4 Bc1 33. Rc4 Rxc4 34. Nxc4 $15 {[%emt 0:00:01][%mdl 4096] Endgame KRB-KRN} a5 35. Re1 $1 Bf4 36. Rd1 (36. Re4 $15 Bb8 37. Ne3) 36... a4 $17 37. c3 Bb8 38. Rd7 {[%emt 0:01:12] Dodges Ba7} a3 39. h4 Ra1 40. Rd2 ({White should try} 40. Rb7 a2 41. Rxb8 Rg1+ 42. Kxg1 a1=Q+ (42... a1=B $2 43. Nb2 $18) 43. Kg2) 40... Ba7 41. Rc2 Bc5 42. Nd2 {[%emt 0:02:06] aiming for Nb3.} Re1 43. Nb3 Bd6 44. Nd2 {[%emt 0:03:57] Prevents Re4} Bc5 45. Nb3 Be7 46. Nd2 {[%emt 0:03:26] Wards off Rb1} f5 47. gxf5 exf5 (47... Bxh4 48. Nf3 Re4 49. fxe6 $17) 48. Nc4 Kg6 (48... Bxh4 49. Nxa3 Be7 50. Nb5 $11) 49. Ne3 Bxh4 $2 (49... Rb1 $19 {[%cal Ob1b2] Threatens to win with ...Rb2!.} 50. Nd5 Bd6 (50... Bxh4 51. Ra2 $17)) 50. Ra2 $1 $11 Be7 51. Nd5 $1 ({But not} 51. Nc4 $2 Re4 52. Nb6 (52. Nxa3 $2 {is the wrong capture.} Rg4+ 53. Kf1 Ra4 $19) 52... Bd6 $19) 51... Bd6 (51... Bf8 $5 52. Nb4 $8 Bxb4 53. cxb4 Rb1 $15) 52. Nb4 Re4 53. Rxa3 Bxb4 54. cxb4 Rxb4 1/2-1/2

[Event "Israel Team Championship 2025"]
[Site "Israel"]
[Date "2025.01.17"]
[Round "3.16"]
[White "Pasman, Michael"]
[Black "Ben Artzi, Ido"]
[Result "0-1"]
[Annotator "TA"]
[ECO "E05"]
[WhiteElo "2347"]
[BlackElo "2334"]
[PlyCount "82"]
[EventDate "2025.01.07"]
[EventType "team-tourn"]
[EventCountry "ISR"]
[SourceTitle "playchess.com"]
[Source "ChessBase"]
[SourceQuality "1"]
[TimeControl "40/5400+30:1800+30"]

1. Nf3 Nf6 2. c4 e6 3. g3 d5 4. Bg2 Be7 5. O-O O-O 6. d4 dxc4 7. Qc2 a6 8. Qxc4 b5 9. Qc2 Bb7 10. Bg5 Nbd7 11. Bxf6 Nxf6 12. Nbd2 Rc8 13. Nb3 Be4 14. Qc1 c5 15. dxc5 Qc7 16. Rd1 Nd7 17. Qe3 Bc2 18. Rd2 Bxb3 19. Qxb3 Nxc5 20. Qe3 Na4 21. Ne5 $2 {[%emt 0:23:14][%mdl 8192] [#]} (21. Ne1 $11 {and White is okay.}) 21... Bc5 $1 $19 22. Qe4 {[%emt 0:09:24] [#]} f5 $1 23. Qf4 Bd6 24. Rxd6 Qxd6 25. Nd3 Qxf4 26. gxf4 Rc2 27. b3 Nc3 28. Nb4 Nxe2+ 29. Kf1 Rd2 30. Ke1 Rfd8 31. Bd5 Rb2 (31... R2xd5 32. Nxd5 Nd4 33. Ne3) 32. Nd3 ({Much weaker is} 32. Bxe6+ Kf8 33. Bxf5 Nxf4 $19) 32... Rc2 33. Bxe6+ Kf8 34. Nb4 $2 (34. Bxf5 g6 35. Kd1 Rxa2 (35... Rb2 $2 36. Ke1 $19) 36. Rxa2 Nc3+ (36... gxf5 $2 {perishes.} 37. Kxe2 Re8+ 38. Kf1 $18) 37. Kc2 Nxa2 38. Be4) 34... Rb2 35. Bxf5 Nxf4 {[%emt 0:01:45] ...g6 is the strong threat.} 36. Rc1 a5 37. Nc6 Rdd2 {[%emt 0:01:16] ( -> ...Re2+)} 38. Nxa5 Re2+ 39. Kf1 Rxf2+ 40. Kg1 Rg2+ 41. Kf1 Rxh2 0-1

[Event "Israel Team Championship 2025"]
[Site "Israel"]
[Date "2025.01.17"]
[Round "3.17"]
[White "Newman, Ori"]
[Black "Klenburg, Michael"]
[Result "1-0"]
[Annotator "TA"]
[ECO "E68"]
[WhiteElo "2276"]
[BlackElo "2332"]
[PlyCount "53"]
[EventDate "2025.01.07"]
[EventType "team-tourn"]
[EventCountry "ISR"]
[SourceTitle "playchess.com"]
[Source "ChessBase"]
[SourceQuality "1"]
[TimeControl "40/5400+30:1800+30"]

1. d4 d6 2. Nf3 Nf6 3. c4 g6 4. Nc3 Bg7 5. g3 O-O 6. Bg2 Nbd7 7. O-O e5 8. h3 Re8 9. e4 exd4 10. Nxd4 a6 11. Bf4 Rb8 12. b3 Ne5 13. a4 Bd7 14. a5 Nc6 {[%emt 0:07:23] White must now prevent ...Nxd4.} 15. Nde2 $1 Ne5 16. Be3 Qe7 17. Bg5 {[%emt 0:06:01][%cal Be3g5,Bg5h4,Bh4f6][%mdl 32] Hoping for Nd5.} Qf8 {[%emt 0:00:33] [#]} (17... Bc6 $14) 18. f4 $1 $16 Nc6 19. e5 $1 Nh5 (19... dxe5 $16 20. Bxf6 Bxf6) 20. g4 $18 h6 21. Bh4 Nxf4 $2 (21... g5) 22. Nxf4 Nxe5 23. Nfd5 c6 (23... Rbc8 {was called for.} 24. Ne4 Kh8) 24. Nf6+ Bxf6 25. Bxf6 Re6 26. Ne4 Bc8 27. Ra2 1-0

[Event "Israel Team Championship 2025"]
[Site "Israel"]
[Date "2025.01.17"]
[Round "3.18"]
[White "Iliaguev, Kafar"]
[Black "Zhemailov, Adam"]
[Result "1-0"]
[Annotator "TA"]
[ECO "D45"]
[WhiteElo "2259"]
[BlackElo "2116"]
[PlyCount "119"]
[EventDate "2025.01.07"]
[EventType "team-tourn"]
[EventCountry "ISR"]
[SourceTitle "playchess.com"]
[Source "ChessBase"]
[SourceQuality "1"]
[TimeControl "40/5400+30:1800+30"]

1. Nf3 Nf6 2. b3 d5 3. Bb2 e6 4. e3 Bd6 5. c4 Nbd7 6. Nc3 c6 7. Be2 Qe7 8. O-O O-O 9. d4 b6 10. Qc2 Bb7 11. e4 dxe4 12. Nxe4 Nxe4 13. Qxe4 Nf6 14. Qh4 c5 15. Bd3 h6 16. Rfe1 Bxf3 17. gxf3 {[%emt 0:00:13][%cal Od4d5] [#]} Nd5 $1 18. Qxe7 Nxe7 19. Rad1 Rad8 20. Be4 cxd4 21. Rxd4 Bc5 22. Rdd1 Bb4 23. Rf1 f5 24. Bd3 Ng6 25. a3 Bd6 26. Rfe1 Nf4 {[%emt 0:01:43] aiming for ...Nxd3.} 27. Bf1 Kf7 28. b4 g5 29. Rd2 Bc7 30. Red1 Rxd2 31. Rxd2 Ke7 {[%emt 0:02:30] Inhibits Rd7+.} 32. c5 bxc5 33. bxc5 Rb8 34. a4 Rb4 35. c6 Ke8 (35... Rxa4 $2 36. Rd7+ Ke8 37. Rxc7 $18) (35... Nd5 36. Ba3 Bd6 37. Bxb4 Bxb4 38. Rc2 $18) 36. a5 Nd5 (36... Bxa5 37. Bc3 Rb1 38. Bxa5 $16) 37. a6 g4 38. fxg4 Rxg4+ 39. Kh1 Rb4 40. Be2 Rh4 {[%emt 0:01:21] Wards off Bh5+} 41. Bf3 Nb6 ({Black should play} 41... Rc4 $11) 42. Bf6 (42. Bd4 $14) 42... Rxh2+ $11 43. Kg1 Rh3 44. Kg2 Rh2+ 45. Kg1 Rh3 46. Kg2 Rh2+ 47. Kf1 (47. Kg1 $5 Rh3 $8 $11) 47... e5 (47... Rh3 $1 $11 48. Kg2) 48. Bg2 $16 {[%emt 0:03:25] White is more active.} e4 (48... Rh5 $16 {was worth a try.} 49. Re2 (49. Bf3 Rg5 $18) 49... e4) 49. Bd4 Rh4 $2 (49... Rh5 $16 50. Rb2 f4) 50. Rb2 $18 {[%emt 0:00:20] aiming for Bxb6.} e3 51. fxe3 ({Not} 51. Bxe3 Ra4 $16) 51... Nc8 $2 (51... Ke7 52. Rb4 Ke6) 52. Rb7 Bd6 53. Bd5 f4 54. Bf7+ {[%emt 0:00:42] This pair of bishops is nice.} Kf8 55. Be6 Ne7 56. Rxa7 {[%emt 0:00:19] White wants to mate with Ra8+.} fxe3 57. Ra8+ Nc8 58. Bxe3 (58. Rxc8+ $142 Ke7 59. a7 (59. Bxe3 Kxe6 60. a7 Ra4 $18) 59... Rxd4 60. a8=Q (60. a8=B Kxe6 61. Re8+ Kf6 $11) 60... Kxe6 61. Re8+ Kf5 62. Rxe3 (62. Qc8+ Kg5 $18)) 58... Ra4 59. a7 Ke7 60. Bxc8 1-0

[Event "Israel Team Championship 2025"]
[Site "Israel"]
[Date "2025.01.17"]
[Round "3.19"]
[White "Zoler, Dan"]
[Black "Shohat, Yotam"]
[Result "1-0"]
[Annotator "TA"]
[ECO "D26"]
[WhiteElo "2472"]
[BlackElo "2404"]
[PlyCount "99"]
[EventDate "2025.01.07"]
[EventType "team-tourn"]
[EventCountry "ISR"]
[SourceTitle "playchess.com"]
[Source "ChessBase"]
[SourceQuality "1"]
[TimeControl "40/5400+30:1800+30"]

1. d4 d5 2. c4 dxc4 3. Nf3 Nf6 4. e3 e6 5. Bxc4 a6 6. O-O b5 7. Bd3 Bb7 8. a4 b4 9. Nbd2 c5 10. e4 cxd4 11. e5 Nfd7 12. Ne4 (12. Nxd4 Nc5 13. N2f3 Qd5 $11) (12. Nc4 $1 $14 {was preferable.}) 12... Nc5 $11 13. Nxc5 Bxc5 14. Bf4 Nd7 15. Re1 Be7 16. Be4 Nc5 (16... Qb8 $11) 17. Bxb7 $14 Nxb7 18. Nxd4 Bc5 19. Nb3 O-O 20. Rc1 Rc8 21. Qf3 Qd7 22. Rc2 Bb6 ({Much worse is} 22... Qxa4 $6 23. Rec1 $18) 23. Rd1 $36 {[%emt 0:09:41][%mdl 2048] Black is under pressure.} Qe7 24. Rc6 Rxc6 25. Qxc6 Qc7 {[%emt 0:01:02] [#]} (25... Rd8 $1 $11 26. Rxd8+ Qxd8) 26. Rc1 $1 $16 {[%emt 0:00:12][%cal Bd1c1,Bc1c6,Bc6a6][%mdl 32] White has more active pieces.} Qxc6 (26... Rd8 $16 27. Kf1 (27. Qxc7 Bxc7 28. g3 Rd7 $16) 27... Rd7) 27. Rxc6 $18 Rd8 28. Kf1 (28. Rxb6 $2 Rd1#) 28... Na5 29. Nxa5 Bxa5 30. Rxa6 {[%emt 0:10:46][%mdl 4096] Endgame KRB-KRB. White is a pawn up.} Bc7 31. Rc6 Rd7 32. Rc4 b3 33. Rb4 {[%emt 0:00:00][%cal Ob4b7] Hoping for Rb7!.} Kf8 34. Ke2 {[%emt 0:00:00] Prevents Rd1.} (34. Rxb3 $6 Rd4) 34... Ke8 35. Bg3 ({But not} 35. Rxb3 $6 Rd4) 35... Rd5 36. Rxb3 Bxe5 37. Bxe5 Rxe5+ {[%emt 0:00:02] KR-KR. White is a pawn up.} 38. Re3 Rh5 39. h3 Kd7 40. Rc3 {[%emt 0:00:54] Prevents Rc5} Rh4 41. b3 Rb4 42. Kd2 e5 43. Rd3+ Kc6 (43... Kc8 $142 44. Kc3 Rb6) 44. Kc3 Rb8 45. b4 Ra8 (45... f5 $142 46. b5+ Kc5) 46. b5+ Kc5 47. Kb3 Re8 48. Rc3+ Kb6 49. Kb4 f5 50. a5+ 1-0

[Event "Israel Team Championship 2025"]
[Site "Israel"]
[Date "2025.01.17"]
[Round "3.20"]
[White "Levin, Guy"]
[Black "Zifroni, Dov"]
[Result "1-0"]
[Annotator "TA"]
[ECO "D02"]
[WhiteElo "2442"]
[BlackElo "2458"]
[PlyCount "125"]
[EventDate "2025.01.07"]
[EventType "team-tourn"]
[EventCountry "ISR"]
[SourceTitle "playchess.com"]
[Source "ChessBase"]
[SourceQuality "1"]
[TimeControl "40/5400+30:1800+30"]

1. d4 d5 2. Nf3 Nf6 3. Bf4 c5 4. e3 Nc6 5. c3 Qb6 6. Qc2 g6 7. Nbd2 Bg7 8. a4 O-O {[%emt 0:10:19] [#]} 9. a5 $1 Nxa5 10. dxc5 Qd8 $1 {[%emt 0:00:02] Black is weak on the dark squares} (10... Qxc5 $2 11. b4 Qc6 12. Rxa5 $18 (12. bxa5 Nh5 $18)) 11. Be2 Bf5 12. Qa4 Nc6 13. Nd4 Bd7 14. Qb3 Qc8 15. O-O Bg4 16. Bb5 Nd8 (16... Nh5 {keeps more tension.} 17. h3 Bxh3 18. gxh3 Nxf4 19. exf4 Qxh3 20. Qxd5 Bxd4 21. cxd4 Nxd4 22. Bc4 Qg4+) 17. h3 Bd7 18. Be5 Bxb5 19. Nxb5 Qxc5 20. Bd4 (20. Nxa7 $5 Nc6 (20... Rxa7 $2 21. Bd4 $18) 21. Nxc6 Qxc6 22. Qb4 $11) 20... Qc6 21. Rxa7 Rxa7 22. Nxa7 Qd7 23. Rd1 Nc6 24. Nxc6 Qxc6 25. Ra1 Nd7 26. Ra7 Rb8 {[%emt 0:03:00] Strongly threatening ...e5.} 27. Bxg7 Kxg7 28. Qb4 Qb6 29. Qd4+ Kg8 30. Qxb6 Nxb6 $14 {[%emt 0:00:02][%mdl 4096] Endgame KRN-KRN} 31. Ra5 e6 32. Rb5 Nc8 33. f3 Nd6 34. Rb4 b5 35. e4 Nc4 (35... dxe4 $11 36. Nxe4 Nc4) 36. Nxc4 dxc4 {[%emt 0:00:12] KR-KR} 37. b3 (37. Kf2 {simplifies} Kf8 38. b3 Rd8 39. bxc4 bxc4 40. g4) 37... cxb3 (37... Rd8 $14) 38. c4 $1 $16 Kf8 39. e5 (39. Rxb5 $2 Rxb5 40. cxb5 b2 $19) (39. cxb5 $142 Ke7 40. e5 (40. Rxb3 Kd6 $14)) 39... Ke7 40. cxb5 (40. Rxb5 $2 Rxb5 41. cxb5 b2 $19) 40... Kd7 41. Rxb3 Kc7 42. Kf2 Kb6 43. Ke3 (43. Kg3 $16) 43... Rd8 $14 44. Rc3 Rd7 (44... Rf8 $14) 45. Rc8 $1 $18 Kxb5 46. Rh8 $1 h5 {[%emt 0:02:17] [#]} 47. Kf4 (47. h4 $1 $18) 47... Rd2 $16 48. g4 Rd4+ 49. Kg5 Rd3 50. gxh5 gxh5 51. Kf4 (51. Kxh5 Rxf3 52. Kg4 Rf1 $11) 51... Rd4+ 52. Kg5 (52. Kg3 $1 $14) 52... Rd3 $11 53. f4 {[%emt 0:00:53] and Kf6 should not be overlooked} (53. Kxh5 Rxf3 54. Kg4 Rf2) 53... Rxh3 54. Kf6 Kc6 (54... Kc4 $11 {should be considered.}) 55. Kxf7 Kd5 56. f5 exf5 $2 (56... Kxe5 $11 57. fxe6 Rf3+ 58. Ke7 Rh3) 57. e6 Re3 58. e7 (58. Rxh5 Rxe6 59. Rxf5+ Kd6 $11) 58... f4 {[%emt 0:08:50] [#]} 59. Rd8+ $1 (59. e8=B f3 $11) 59... Kc4 60. e8=Q Rxe8 61. Kxe8 ({And not} 61. Rxe8 Kd3 $11) 61... h4 62. Ke7 h3 63. Rf8 1-0

[Event "Israel Team Championship 2025"]
[Site "Israel"]
[Date "2025.01.17"]
[Round "3.21"]
[White "Manor, Ilan"]
[Black "Gorodetzky, David"]
[Result "1/2-1/2"]
[Annotator "TA"]
[ECO "A13"]
[WhiteElo "2470"]
[BlackElo "2485"]
[PlyCount "130"]
[EventDate "2025.01.07"]
[EventType "team-tourn"]
[EventCountry "ISR"]
[SourceTitle "playchess.com"]
[Source "ChessBase"]
[SourceQuality "1"]
[TimeControl "40/5400+30:1800+30"]

1. Nf3 d5 2. c4 e6 3. g3 Nf6 4. Bg2 dxc4 5. Qa4+ Nbd7 6. Qxc4 a6 7. Qc2 c5 8. O-O b6 9. b4 Bb7 10. bxc5 Rc8 11. Nc3 Bxc5 12. Qb3 b5 13. Rb1 b4 14. Nd1 Bd5 15. Qa4 O-O 16. d3 a5 17. Ne1 Ba7 18. Bxd5 Nxd5 19. a3 (19. Nf3 $17) 19... Nc5 $19 20. Qb5 b3 (20... Nb3 $19 21. Rxb3 Rxc1) 21. e4 $15 Nf6 22. Be3 Ng4 23. Bxc5 Rxc5 24. Qxb3 Qd6 25. Nf3 (25. Kg2 $11) 25... Rb8 $17 26. Qa2 Qxd3 27. Rxb8+ Bxb8 28. Qd2 Qxd2 $1 (28... Qxf3 29. Qd8#) 29. Nxd2 Rc2 30. Nb3 a4 31. Nd4 Rc4 32. Nb5 h5 (32... Rxe4 33. Ndc3 Rc4 34. Rd1 $16) 33. f3 Ne5 34. Kg2 Nd3 35. Ne3 ({White should play} 35. Ndc3 Be5 36. Rd1 Bxc3 (36... Rxc3 $2 37. Nxc3 Bxc3 38. Rxd3 $18) 37. Rxd3) 35... Rc5 $17 36. Rb1 Be5 37. Rd1 (37. h4 $17) 37... Nb2 38. Rd8+ Kh7 39. Nd6 Bxd6 $1 40. Rxd6 Rc3 41. Nd1 Nxd1 (41... Rxa3 42. Nxb2 Ra2 43. Rd2 $16) 42. Rxd1 Rxa3 43. Rd7 Ra2+ 44. Kh3 Kg6 45. Ra7 a3 (45... Kf6 $19 46. e5+ Kxe5 47. Rxf7 a3 48. Rxg7 Rf2) 46. Ra5 Ra1 47. Kh4 f6 48. Ra6 $2 (48. f4 $17 {might work better.}) 48... a2 49. f4 Kh6 50. Kh3 g6 (50... g5 $142 51. Ra7 Kg6) 51. f5 $19 e5 (51... gxf5 52. exf5 e5 (52... exf5 53. Rxf6+ Kg5 54. Ra6 $15) 53. Kh4 $17) 52. fxg6 Kxg6 53. Kh4 {[%emt 0:01:19] [#]} Re1 $1 54. Rxa2 Rxe4+ 55. Kh3 Rc4 56. Ra8 Rc7 (56... Rc2 $19 57. Rg8+ Kh7) 57. Re8 (57. Kh4 $17) 57... Rh7 (57... Rc2 $19 {and Black stays clearly on top. ...Rd2 is the strong threat.} 58. Rg8+ Kh7) 58. Kh4 $17 Kf5 59. Ra8 {[%emt 0:01:17] [#]} Re7 ({Better is} 59... Rg7 $1 $17) 60. Rh8 $1 $11 e4 61. Rxh5+ Kg6 62. Ra5 e3 63. Ra1 $1 Kf5 64. Kh3 $1 Rd7 (64... e2 $5 65. Re1 $8 Re3 $11) 65. Kg2 Rd2+ 1/2-1/2